 Dungeon Crawl Stone Soup version 0.29-a0-297-g7659ce593d (webtiles) character file.

Game seed: 10137141234630734639

78 Dabor the Skirmisher (level 4, -4/37 HPs)
             Began as a Formicid Abyssal Knight on Mar 21, 2022.
             Was a Believer of Lugonu.
             Slain by Terence
             ... wielding a +5 mace
              (6 damage)
             ... on level 2 of the Dungeon.
             The game lasted 00:03:07 (2238 turns).

Dabor the Skirmisher (Formicid Abyssal Knight)      Turns: 2238, Time: 00:03:07

Health: -4/37      AC:  3    Str: 19    XL:     4   Next: 61%
Magic:  4/6        EV: 11    Int: 10    God:    Lugonu [**....]
Gold:   78         SH:  0    Dex: 11    Spells: 3/3 levels left

rFire   . . .      SeeInvis +   a - +1 spear
rCold   . . .      Faith    .   (no shield)
rNeg    . . .      Spirit   .   b - +0 leather armour
rPois   .          Reflect  .   (helmet unavailable)
rElec   .          Harm     .   (no cloak)
rCorr   .          Rampage  .   (no gloves)
Will    .....                   (no boots)
Stlth   +.........              (no amulet)
HPRegen 0.12/turn               (no ring)
MPRegen 0.10/turn               (no ring)

@: no status effects
A: permanent stasis, dig shafts and tunnels, antennae 3, four strong arms
a: Dig, Shaft Self, Renounce Religion, Depart the Abyss, Bend Space


You were on level 2 of the Dungeon.
You worshipped Lugonu.
Lugonu was pleased with you.
You visited 1 branch of the dungeon, and saw 3 of its levels.
You visited the Abyss 1 time.

You collected 78 gold pieces.

Inventory:

Hand Weapons
 a - a +1 spear (weapon)
Armour
 b - a +0 leather armour (worn)
Scrolls
 e - a scroll of fear {unknown}
 f - 2 scrolls of enchant weapon {unknown}
 g - 3 scrolls of identify {unknown}
 h - a scroll of magic mapping {unknown}
Potions
 d - a potion of attraction {unknown}
 i - a potion of brilliance {unknown}


   Skills:
 + Level 3.8 Fighting
 + Level 2.6 Polearms
 + Level 2.9 Armour
 + Level 1.7 Dodging
 + Level 3.0 Invocations


You had 3 spell levels left.
You didn't know any spells.
Your spell library contained the following spells:

 Spells                   Type           Power      Damage    Failure   Level
 Ensorcelled Hibernation  Hex/Ice        0%         N/A       56%         2
 Passwall                 Tmut/Erth      0%         N/A       56%         2
 Swiftness                Air            Unusable   N/A       N/A         3

Dungeon Overview and Level Annotations

Branches:
Dungeon (3/15)

Altars:

Annotations:
D:2 Terence


Innate Abilities, Weirdness & Mutations

You cannot be hasted, slowed, berserked, paralysed or teleported.
You can dig through walls and to a lower floor.
You have a pair of large antennae on your head. (SInv)
Your four strong arms can wield two-handed weapons with a shield.


Message History

You barely miss Terence.
Terence is moderately wounded.
Terence says, "How do you enjoy it?" Terence hits you with a +5 mace.
Terence is nearby!
You closely miss Terence.
Terence is moderately wounded.
Terence hits you with a +5 mace.
Terence is nearby!
You hit Terence but do no damage.
Terence is moderately wounded.
Terence misses you.
Terence is nearby!
You hit Terence.
Terence is heavily wounded.
Terence hits you with a +5 mace.
Terence is nearby!
You hit Terence.
Terence is heavily wounded.
Terence hits you with a +5 mace!
Terence is nearby!
You are too injured to fight recklessly!
Terence is nearby!
You are too injured to fight recklessly!
Terence is nearby!
You are too injured to fight recklessly!
Terence is nearby!
You are too injured to fight recklessly!
Terence is nearby!
You are too injured to fight recklessly!
Terence is nearby!
Space bends around you!
You blink.
Terence hits you with a +5 mace!
* * * LOW HITPOINT WARNING * * *
Space bends around you!
You blink.
It was a potion of cancellation.
You feel magically purged.
You don't have enough health at the moment.
You hit Terence but do no damage.
Terence is heavily wounded.
Terence hits you with a +5 mace.
You die...

.# #.......# #.#.# .#
#.......# #.#.# .#
#.......# #.#.# ##
#.......#####.#.#
###.............#†#
##.....###########.#
...........# #.#
###.....##.########.#
#.....##...§@@..#.#
#.....#########.#.#
#.....# #.# #.....#
#.# #.....# #.#
#..... #.# #.# #.#
#.#


You could see Terence (resistant).

Vanquished Creatures
  3 adders (D:2)
  2 worms (D:2)
  3 dart slugs
  3 ball pythons (D:1)
  4 bats
  5 endoplasms
  2 goblins (D:1)
  2 hobgoblins (D:2)
  3 jackals (D:1)
  2 frilled lizards (D:1)
  5 kobolds
  4 rats (D:1)
38 creatures vanquished.

Notes
Turn   | Place    | Note
-------+----------+-------------------------------------------
     0 | Abyss:1  | Dabor the Formicid Abyssal Knight began the quest for the
                  | Orb.
     0 | Abyss:1  | Reached XP level 1. HP: 18/18 MP: 2/2
     0 | D:1      | Escaped the Abyss
   138 | D:1      | Reached skill level 1 in Dodging
   233 | D:1      | Reached ** piety under Lugonu
   323 | D:1      | Reached XP level 2. HP: 21/24 MP: 3/3
   642 | D:1      | Reached XP level 3. HP: 29/29 MP: 4/4
  1191 | D:2      | You fall into a shaft and drop 1 floor!
  1631 | D:2      | Reached XP level 4. HP: 18/37 MP: 6/6
  2227 | D:2      | Noticed Terence
  2238 | D:2      | Slain by Terence

Illustrated notes

Levels and vault maps discovered:
D:1:      elethiomel_arrival_maze, layout_basic, st_stairs_8, kennysheep_boxes
D:2:      layout_basic, uniq_terence
D:3:      layout_basic, ebering_ecumenical_altar_webs

Skill      XL: |  1  2  3  4 |
---------------+-------------+-----
Dodging        | 1 |  1.7
Invocations    | 3 |  3.0
Fighting       | |  3.8
Polearms       | |  2.6
Armour         | |  2.9

Action                   |  1- 3 |  4- 6 || total
-------------------------+-------+-------++-------
Melee: Spear             |   104 |    46 ||   150
       Punch             |     1 |       ||     1
Invok: Depart the Abyss  |     1 |       ||     1
       Bend Space        |       |     2 ||     2
  Use: Potion            |       |     1 ||     1
 Stab: Sleeping          |       |     1 ||     1
Armor: Leather armour    |    20 |    13 ||    33
Dodge: Dodged            |    39 |    13 ||    52

Table legend: (Time is in decaauts)
 A = Elapsed time spent in this place.
 B = Non-inter-level travel time spent in this place.
 C = Inter-level travel time spent in this place.
 D = Time resting spent in this place.
 E = Time spent auto-exploring this place.
 F = Levels seen in this place.
 G = Mean time per level.
                   A        B        C        D        E       F      G
               +--------+--------+--------+--------+--------+-----+--------+
         Total |   2235 |   2189 |     46 |      0 |   1735 |   4 |  558.8 |
       Dungeon |   2235 |   2189 |     46 |      0 |   1735 |   3 |  745.0 |
         Abyss |      0 |      0 |      0 |      0 |      0 |   1 |    0.0 |
               +--------+--------+--------+--------+--------+-----+--------+

Top non-repeatable levels by time:
     D:1: 1189 daAuts
     D:2: 966 daAuts
     D:3: 79 daAuts
